Map: Eternal Empire LE

Players

Arctur

  • Race: Terran Terran
  • Spawn Location: 7:00

LiquidClem (Clem) - Winner!

  • Race: Terran Terran
  • League: Master
  • Spawn Location: 1:00

Event: DreamHack SC2 Masters 2020 Summer Europe

VOD

Have the link to the VOD?

Description

Time

  • Played on: July 2, 2020, 1:06 p.m.
  • Length: 22:30

All games in this series

Show
View Real Time Build Order
Export as new Build Order

Arctur Terran 

Build Orders:  

Get SALT Encoding   

  12  0:00  SCV  
  13  0:13  SCV  
  14  0:17  Supply Depot  
  14  0:25  SCV  
  14  0:27  Refinery  
  15  0:39  SCV  
  16  0:44  Barracks  
  16  0:51  SCV  
  16  0:55  Refinery  
  17  1:03  SCV  
  18  1:15  SCV  
  19  1:31  Reaper, Orbital Command  
  20  1:37  Factory  
  20  1:46  Supply Depot  
  20  1:57  SCV  
  21  2:03  Reaper  
  21  2:09  SCV  
  22  2:20  Hellion  
  22  2:21  SCV  
  25  2:31  Command Center  
  25  2:34  SCV  
  25  2:36  Barracks Reactor  
  26  2:42  Factory Tech Lab  
  26  2:46  SCV, Supply Depot  
  27  2:54  Starport  
  27  2:59  SCV  
  31  3:13  Marine x2  
  31  3:16  Siege Tank  
  33  3:21  SCV  
  34  3:30  Medivac  
  34  3:31  Marine x2  
  34  3:33  SCV  
  39  3:43  Orbital Command  
  39  3:45  SCV  
  40  3:52  Marine x2, Siege Tank  
  45  3:57  SCV  
  45  4:01  Refinery  
  46  4:09  SCV  
  36  4:10  Medivac, Marine x2  
  47  4:11  SCV  
  52  4:17  Supply Depot  
  52  4:21  SCV  
  52  4:23  SCV  
  54  4:29  Supply Depot  
  54  4:38  SCV x2  
  56  4:50  Marine x2  
  56  4:51  SCV x2  
  59  4:54  Factory Tech Lab  
  59  4:55  Raven  
  61  5:02  Command Center  
  61  5:03  SCV x2  
  62  5:08  Marine x2  
  62  5:09  Supply Depot  
  64  5:15  SCV x2  
  64  5:17  Siege Tank  
  69  5:27  SCV  
  69  5:28  SCV  
  61  5:30  Marine x2  
  62  5:37  Refinery  
  62  5:39  SCV, Raven  
  62  5:40  SCV  
  66  5:47  Marine  
  66  5:48  Marine  
  66  5:49  Siege Tank  
  71  5:52  SCV x2  
  71  5:53  Supply Depot  
  73  6:03  Barracks  
  73  6:04  SCV, Barracks  
  74  6:05  SCV  
  74  6:06  Marine  
  74  6:07  Marine  
  77  6:15  Supply Depot  
  77  6:16  SCV  
  78  6:18  Orbital Command  
  78  6:23  Siege Tank  
  81  6:27  SCV  
  81  6:28  SCV  
  81  6:32  Viking  
  85  6:35  Viking  
  85  6:38  Orbital Command  
  85  6:39  SCV, Stimpack  
  88  6:40  SCV, Marine  
  90  6:51  SCV  
  90  6:52  SCV  
  90  6:53  Barracks Reactor x2  
  92  6:55  Siege Tank  
  92  6:59  Engineering Bay  
  92  7:00  Engineering Bay  
  95  7:02  Viking, Marine  
  95  7:04  SCV  
  95  7:05  SCV x2  
  101  7:09  Viking  
  103  7:16  SCV  
  103  7:17  SCV x2  
  103  7:18  Supply Depot  
  106  7:26  Supply Depot  
  106  7:28  SCV  
  106  7:29  SCV x2  
  109  7:31  Marine  
  109  7:32  Marine  
  109  7:33  Marine  
  109  7:38  Marine  
  109  7:39  Marine, Siege Tank  
  109  7:40  SCV  
  109  7:41  SCV x2  
  115  7:48  Marine  
  115  7:49  Viking x2, Marine  
  120  7:51  Marine  
  120  7:52  SCV  
  120  7:53  SCV, Terran Infantry Armor Level 1  
  120  7:56  Marine  
  120  7:57  Marine  
  125  8:02  Terran Infantry Weapons Level 1  
  125  8:06  Barracks x2  
  125  8:07  Refinery x2  
  125  8:08  Supply Depot  
  125  8:16  Supply Depot  
  125  8:20  Supply Depot  
  125  8:21  Marine x4, Siege Tank  
  125  8:25  Marine  
  133  8:30  SCV, Medivac x2  
  133  8:31  Combat Shield  
  138  8:39  Marine x4  
  140  8:42  Marine  
  140  8:46  SCV  
  140  8:47  Armory  
  142  8:48  Sensor Tower  
  140  8:57  Marine x2  
  140  9:00  Marine x2  
  140  9:02  Barracks Reactor x2, Marine  
  143  9:05  Siege Tank  
  143  9:08  Medivac  
  148  9:11  Medivac  
  148  9:14  Marine x2  
  152  9:19  Marine x2  
  152  9:21  Marine  
  152  9:32  Marine x2  
  152  9:37  Marine x2, Siege Tank  
  156  9:39  Marine  
  157  9:50  SCV x2, Supply Depot x3, Marine x2  
  157  9:51  Marine x4  
  165  9:54  Command Center, Factory  
  165  9:58  Terran Infantry Armor Level 2, Terran Infantry Weapons Level 2  
  165  9:59  Terran Vehicle Weapons Level 1  
  163  10:09  Siege Tank  
  163  10:10  Marine x2  
  148  10:16  Marine x4  
  148  10:18  Marine x2  
  154  10:22  Viking x2  
  158  10:33  SCV  
  158  10:35  SCV  
  159  10:38  Marine x2  
  159  10:40  Missile Turret x3  
  159  10:41  Siege Tank  
  164  10:43  Supply Depot  
  164  10:44  Sensor Tower  
  164  10:56  Marine x2  
  166  10:59  Marine x2  
  166  11:02  Marine x2  
  166  11:03  Marine x2  
  166  11:06  SCV x2  
  166  11:07  SCV  
  164  11:13  Siege Tank  
  164  11:14  Marine  
  164  11:18  SCV x2, Supply Depot  
  169  11:19  Supply Depot, Liberator  
  169  11:22  Liberator  
  175  11:28  Siege Tank  
  175  11:30  Marine  
  179  11:32  Barracks Reactor  
  179  11:34  Marine x2  
  179  11:35  Marine  
  182  11:44  Marine x2  
  182  11:45  Siege Tank  
  187  11:56  Command Center  
  187  12:04  Siege Tank  
  187  12:05  Viking  
  187  12:06  Marine x2  
  194  12:19  SCV  
  194  12:21  Marine x2  
  168  12:45  Marine x2  
  168  12:46  Marine x4  
  168  12:47  Marine x4  
  168  12:49  Viking x2, Siege Tank  
  162  12:52  Siege Tank  
  162  13:03  Marine x2  
  162  13:04  Marine x4  
  162  13:05  Marine x4  
  161  13:16  SCV x2  
  161  13:18  Planetary Fortress  
  163  13:21  Marine x2, Siege Tank  
  163  13:22  Marine x4  
  163  13:23  Marine x2  
  163  13:25  Terran Infantry Armor Level 3  
  163  13:26  Terran Infantry Weapons Level 3  
  174  13:28  SCV  
  174  13:29  SCV  
  174  13:30  SCV  
  160  13:41  Marine x2  
  160  13:42  Marine x5  
  160  13:43  Marine x3  
  160  13:46  Siege Tank  
  173  13:50  SCV x3  
  176  13:58  SCV  
  176  13:59  Planetary Fortress  
  176  14:01  Unknown  
  176  14:03  SCV x3  
  176  14:04  Viking  
  176  14:05  Viking  
  183  14:11  Marine x2  
  183  14:12  Marine x4  
  183  14:16  Terran Vehicle Weapons Level 2  
  189  14:18  SCV  
  175  14:34  Viking  
  175  14:35  Viking  
  175  14:36  Starport  
  175  14:37  Starport  
  175  14:38  SCV x2  
  181  14:39  Fusion Core  
  181  15:01  Siege Tank x2  
  181  15:04  Liberator x2  
  193  15:08  Marine  
  193  15:14  Starport Reactor x2  
  193  15:21  Command Center  
  172  15:32  SCV x2  
  172  15:33  Refinery, Siege Tank  
  172  15:34  Refinery  
  175  15:47  Viking x2  
  175  15:48  Siege Tank  
  182  15:54  Missile Turret  
  182  15:56  Missile Turret  
  182  16:00  Missile Turret  
  182  16:04  Advanced Ballistics  
  182  16:05  Viking x3, Siege Tank  
  191  16:29  Viking x2, Siege Tank  
  197  16:37  Siege Tank  
  177  16:41  Marine x2  
  177  16:42  Viking  
  177  16:45  Viking  
  168  16:47  Viking, Marine x4  
  168  16:49  Viking  
  168  16:51  Terran Vehicle Weapons Level 3  
  172  16:55  Planetary Fortress  
  172  16:57  Marine x4  
  172  16:58  Marine  
  172  16:59  Marine  
  178  17:01  SCV, Siege Tank  
  178  17:02  SCV  
  178  17:05  Marine  
  178  17:08  Marine x3  
  184  17:09  Siege Tank  
  184  17:14  Marine  
  191  17:23  Marine x2  
  191  17:24  Marine x4  
  191  17:26  Marine x2  
  191  17:27  Marine  
  200  17:39  Marine  
  198  17:50  Viking  
  200  18:03  Refinery x2  
  200  18:22  Command Center  
  199  18:41  Marine x2  
  184  18:45  Marine x2  
  184  18:47  Marine x2  
  181  18:50  Marine x2  
  181  18:51  Marine  
  181  18:52  Marine  
  181  18:53  Viking x2  
  162  18:56  Viking x2  
  162  18:57  Viking x2  
  162  18:58  Marine x2  
  172  19:03  Marine x2  
  172  19:05  Marine x2, Siege Tank  
  172  19:08  Marine x2  
  172  19:09  Marine x2  
  183  19:23  Viking x2  
  184  19:26  Viking  
  184  19:27  Marine x6  
  190  19:31  Viking  
  176  19:41  Marine x2  
  176  19:43  Marine x2  
  176  19:45  Marine x2  
  162  19:46  Viking x2  
  162  19:51  Marine x2  
  159  19:53  Viking x2  
  159  19:56  Viking  
  159  19:58  Thor x2  
  177  20:01  Viking  
  177  20:02  Starport  
  177  20:03  Marine x4, Starport  
  177  20:04  Marine x4  
  187  20:09  Marine x2  
  187  20:10  Terran Ship Weapons Level 1  
  187  20:11  Command Center  
  187  20:12  Armory  
  174  20:23  Viking  
  174  20:24  Viking, Marine x4  
  174  20:26  Marine x4  
  174  20:27  Marine x2  
  174  20:28  Viking x2  
  170  20:29  Viking  
  171  20:41  Siege Tank  
  171  20:42  Viking, Marine x4  
  177  20:47  Siege Tank  
  178  20:53  Viking  
  178  20:54  Viking  
  178  20:56  Command Center  
  179  20:58  Viking x2, Marine x4  
  179  20:59  Marine x2  
  179  21:00  Marine x2  
  179  21:02  Viking  
  192  21:07  Marine x2  
  192  21:13  Siege Tank  
  193  21:19  Siege Tank  
  193  21:24  Marine x2  
  184  21:34  SCV  
  184  21:38  SCV  
  160  21:43  Marine x2  
  160  21:45  Siege Tank  
  135  21:51  Siege Tank  
  122  22:04  Marine x3  
  122  22:07  Marine  
Show
View Real Time Build Order
Export as new Build Order

LiquidClem Terran - Winner!

Build Orders:  

Get SALT Encoding   

  12  0:00  SCV  
  13  0:12  SCV  
  14  0:17  Supply Depot  
  14  0:24  SCV  
  15  0:38  SCV  
  15  0:39  Barracks  
  16  0:43  Refinery  
  16  0:50  SCV  
  17  0:59  Barracks  
  17  1:03  SCV  
  18  1:15  SCV  
  19  1:26  Reaper  
  19  1:27  Orbital Command  
  20  1:33  Supply Depot  
  20  1:46  Reaper  
  21  1:53  SCV  
  22  1:58  Marine  
  23  2:05  SCV  
  24  2:15  Command Center  
  24  2:18  SCV  
  24  2:20  Marine  
  26  2:28  Factory  
  26  2:31  Marine  
  26  2:34  SCV  
  28  2:38  Refinery  
  28  2:42  Bunker  
  28  2:48  SCV  
  29  2:51  Supply Depot  
  29  2:56  Barracks Tech Lab  
  29  3:00  SCV  
  30  3:14  SCV  
  30  3:16  Starport  
  31  3:23  Cyclone  
  31  3:26  Refinery  
  34  3:28  SCV  
  34  3:33  Orbital Command  
  35  3:38  Marine  
  35  3:40  SCV  
  37  3:49  Barracks Tech Lab  
  37  3:52  SCV  
  38  4:00  SCV  
  38  4:01  Raven, Marine  
  42  4:05  SCV  
  42  4:06  Supply Depot  
  43  4:12  SCV  
  43  4:15  Siege Tank  
  47  4:17  SCV  
  47  4:18  Marine  
  47  4:19  Marine  
  49  4:24  SCV  
  49  4:29  Supply Depot  
  49  4:30  SCV  
  51  4:36  SCV  
  51  4:37  Marine  
  51  4:38  Marine  
  54  4:41  Supply Depot  
  54  4:43  SCV  
  55  4:48  SCV  
  56  4:52  Viking  
  56  4:53  Siege Tank  
  61  5:00  SCV, Supply Depot  
  44  5:07  Stimpack, Marine  
  61  5:08  Marine  
  61  5:09  SCV  
  61  5:12  Supply Depot  
  61  5:13  SCV  
  65  5:22  Command Center  
  66  5:29  Marine, Siege Tank  
  66  5:32  Starport Reactor  
  66  5:34  Barracks Reactor, SCV  
  70  5:37  SCV  
  71  5:45  Engineering Bay  
  71  5:47  Marine  
  71  5:48  SCV, Engineering Bay  
  73  5:52  SCV, Refinery  
  74  6:00  SCV  
  78  6:04  SCV, Siege Tank  
  78  6:05  Marine, Barracks  
  80  6:12  SCV  
  80  6:13  Terran Infantry Armor Level 1  
  80  6:14  Marine x2  
  80  6:16  Terran Infantry Weapons Level 1  
  83  6:18  Supply Depot  
  83  6:22  SCV  
  84  6:27  Marine  
  84  6:28  Barracks  
  84  6:30  Barracks  
  84  6:32  Marine  
  86  6:33  Marine  
  86  6:35  Medivac x2  
  86  6:38  SCV  
  86  6:39  SCV  
  93  6:43  Supply Depot  
  93  6:45  Marine  
  94  6:50  SCV, Marine  
  94  6:51  SCV, Marine, Siege Tank  
  101  6:55  Barracks Reactor  
  101  7:01  Supply Depot  
  101  7:02  SCV  
  101  7:03  Marine  
  101  7:04  Combat Shield  
  101  7:06  Orbital Command  
  102  7:08  SCV  
  102  7:10  Marine  
  102  7:12  Marine  
  105  7:16  Barracks Reactor  
  105  7:17  Marine  
  105  7:18  SCV  
  107  7:22  Armory  
  107  7:23  Marine  
  107  7:24  SCV  
  107  7:25  Medivac  
  107  7:26  Siege Tank  
  114  7:30  Marine x2  
  114  7:31  Marine  
  114  7:32  SCV  
  114  7:33  Medivac  
  114  7:36  Marine  
  122  7:40  Marine  
  122  7:41  Supply Depot  
  122  7:43  Barracks Reactor  
  122  7:44  SCV x3  
  124  7:48  Refinery  
  124  7:50  Marine x2  
  127  7:56  SCV  
  127  7:57  Marine x3  
  131  8:01  Marine x2  
  131  8:03  Supply Depot  
  133  8:06  Siege Tank  
  133  8:08  Factory, Marine x2  
  138  8:15  Supply Depot  
  138  8:16  Terran Infantry Weapons Level 2  
  138  8:19  Marine x2  
  140  8:22  Marine  
  140  8:24  Marine x2  
  143  8:28  Sensor Tower  
  143  8:29  SCV x3, Refinery  
  146  8:41  SCV, Command Center  
  146  8:44  Marine  
  146  8:45  SCV  
  146  8:48  Sensor Tower  
  149  8:49  Marine  
  149  8:50  SCV  
  149  8:52  Marine  
  149  8:54  Marine  
  151  8:56  Marine  
  151  8:57  SCV  
  151  8:58  SCV  
  151  8:59  Medivac  
  151  9:01  Siege Tank  
  151  9:02  SCV  
  155  9:06  Terran Infantry Armor Level 2  
  155  9:10  Marine x2  
  155  9:11  Marine  
  155  9:12  SCV  
  155  9:14  SCV  
  160  9:19  SCV  
  160  9:20  Supply Depot  
  160  9:23  Barracks Reactor  
  160  9:26  Marine x2  
  160  9:28  Supply Depot, Siege Tank  
  165  9:35  Siege Tank  
  165  9:41  Marine x5  
  165  9:44  Medivac  
  172  9:46  Supply Depot  
  172  9:47  Supply Depot, Marine  
  172  9:50  Medivac, Marine x2  
  177  9:59  Terran Vehicle Weapons Level 1, Marine x2  
  179  10:00  Refinery, Siege Tank  
  179  10:01  Marine x2, Sensor Tower  
  179  10:05  Refinery  
  184  10:11  Siege Tank  
  184  10:13  Marine  
  150  10:14  Marine x3  
  150  10:15  Marine  
  150  10:17  Marine x2  
  150  10:19  Viking  
  150  10:21  Marine x2  
  150  10:24  Planetary Fortress  
  150  10:27  Viking  
  153  10:30  Marine  
  153  10:31  Marine  
  155  10:37  Marine x2  
  155  10:38  Siege Tank  
  160  10:43  Barracks  
  160  10:44  Barracks  
  160  10:45  Barracks  
  160  10:48  Siege Tank  
  163  10:51  Viking  
  165  10:59  Terran Infantry Weapons Level 3  
  156  11:04  Marine x2  
  156  11:08  Marine x6  
  156  11:09  Marine x2  
  156  11:10  Viking, Siege Tank  
  162  11:20  SCV x2, Siege Tank  
  162  11:21  SCV  
  162  11:22  Marine x2  
  162  11:24  Viking  
  172  11:27  Terran Infantry Armor Level 3  
  172  11:34  Command Center  
  172  11:41  Viking  
  172  11:42  Marine x2, Siege Tank  
  172  11:45  Marine x3  
  181  11:47  Marine  
  181  11:52  Marine  
  181  11:53  Marine, Siege Tank  
  185  12:01  Marine  
  185  12:02  Barracks Reactor x3  
  185  12:05  Viking  
  185  12:07  Marine  
  185  12:08  Marine x3  
  190  12:09  Marine x2  
  190  12:14  Siege Tank  
  197  12:19  Viking  
  199  12:23  Terran Vehicle Weapons Level 2  
  199  12:24  Marine  
  199  12:25  Marine  
  199  12:26  Marine  
  200  12:39  Starport x2  
  200  12:43  Siege Tank  
  178  12:44  Marine  
  178  12:46  Marine, Siege Tank  
  178  12:49  Marine x10  
  176  12:52  Viking x2  
  176  12:57  Marine  
  179  13:03  Marine x2  
  179  13:05  Marine x3  
  181  13:07  Marine  
  181  13:11  Marine  
  182  13:13  Marine  
  182  13:15  Siege Tank  
  182  13:16  Marine x2  
  182  13:18  Medivac x2  
  190  13:22  Viking  
  190  13:23  Marine x3  
  190  13:24  Marine x2, Siege Tank  
  200  13:27  Command Center  
  200  13:41  Marine x2  
  181  13:42  Medivac  
  181  13:46  Marine  
  181  13:47  Marine x3, Siege Tank  
  181  13:48  Viking x2  
  190  13:49  Marine  
  190  13:50  Planetary Fortress  
  190  13:52  Viking  
  190  13:53  Missile Turret  
  197  13:56  SCV, Marine  
  197  13:58  Marine  
  200  14:03  Unknown  
  200  14:09  Armory  
  200  14:10  Fusion Core  
  200  14:31  Starport  
  196  14:38  Command Center  
  196  14:39  Terran Vehicle And Ship Armor Level 1  
  196  14:42  Siege Tank  
  196  14:44  Command Center  
  199  14:47  Missile Turret  
  199  14:48  Missile Turret, Sensor Tower  
  192  15:00  Marine x5  
  192  15:01  Marine x3  
  192  15:02  Viking  
  200  15:09  Advanced Ballistics  
  130  15:21  Viking x2  
  187  15:22  Marine x3  
  187  15:23  Marine x2  
  187  15:25  Viking x2  
  198  15:31  Marine  
  198  15:33  Marine  
  200  15:36  Hi-Sec Auto Tracking, Neosteel Armor  
  200  15:45  Command Center  
  200  15:47  Command Center  
  200  15:51  Orbital Command  
  200  15:53  Starport Reactor  
  200  16:25  Starport  
  200  16:26  Terran Ship Weapons Level 1  
  200  16:27  Starport  
  200  16:29  Starport  
  200  16:35  Marine  
  191  16:40  Liberator  
  191  16:43  Liberator x2, Siege Tank  
  187  16:50  Liberator  
  187  16:52  Siege Tank  
  187  16:53  Marine x2  
  191  16:55  Orbital Command  
  191  16:59  Missile Turret  
  191  17:01  Planetary Fortress  
  188  17:02  Marine  
  189  17:15  Refinery  
  189  17:16  Missile Turret, Refinery  
  189  17:17  Viking, Missile Turret  
  189  17:19  Siege Tank  
  189  17:22  Viking  
  176  17:23  Viking, Missile Turret  
  176  17:25  Refinery  
  176  17:26  Viking x2, Marine  
  176  17:27  Refinery, Sensor Tower  
  174  17:33  Siege Tank  
  174  17:34  Marine x4  
  174  17:36  Viking  
  180  17:40  Planetary Fortress  
  180  17:42  Marine  
  181  17:47  Viking  
  180  17:53  Viking  
  180  17:54  Viking  
  180  17:58  Viking  
  186  18:11  Viking x2  
  190  18:16  Unknown  
  190  18:17  Viking  
  192  18:23  Viking, Terran Ship Weapons Level 2  
  192  18:24  Viking, Terran Vehicle And Ship Armor Level 2  
  196  18:28  Liberator  
  196  18:41  Viking x2  
  194  18:47  Viking  
  194  18:48  Siege Tank  
  187  18:49  Marine  
  187  18:50  Marine  
  187  18:51  Marine  
  187  18:53  Viking  
  187  18:55  Planetary Fortress  
  176  18:56  Viking  
  176  19:00  Marine x4  
  176  19:01  Marine  
  183  19:07  Marine x10, Siege Tank  
  196  19:10  Viking  
  196  19:12  Marine  
  199  19:18  Marine  
  200  19:29  Starport Reactor  
  200  19:30  Starport Reactor x2  
  200  19:36  Command Center  
  195  19:39  Liberator  
  195  19:40  Siege Tank  
  195  19:42  Liberator  
  195  19:43  Medivac, Missile Turret, Sensor Tower  
  195  19:44  Liberator x2  
  192  19:47  Marine x2  
  194  19:58  Marine x2  
  196  20:00  Marine  
  196  20:04  Liberator  
  200  20:17  Command Center  
  200  20:19  Liberator  
  194  20:26  Liberator x2  
  194  20:28  Liberator  
  191  20:31  Siege Tank  
  194  20:36  Liberator  
  194  20:37  Viking  
  199  21:30  Viking  
  199  21:31  Viking  
  184  21:45  Siege Tank  
  173  21:47  Viking x3  
  173  21:49  Viking x3  
  173  21:52  Viking  
  173  21:53  Viking x2  
  191  21:55  Siege Tank  
  182  22:08  Marine x8  
  154  22:10  Marine  
  154  22:11  Marine x2  
  172  22:24  Command Center  
Tags
 
Add a new tag
Caveats
  • Supply blocks, unpowered buildings, or Contaminate may cause inaccurate times.
  • Supply counts are checked every 10 seconds.